 Dungeon Crawl Stone Soup version 0.26.1-11-gd32895ea62 (webtiles) character file.

Game seed: 10744553389747977168

1397 Zeld the Purveyor of Pain (level 8, -1/54 HPs)
             Began as an Octopode Necromancer on May 18, 2021.
             Was an Initiate of Kikubaaqudgha.
             Slain by a yak (17 damage)
             ... on level 5 of the Dungeon.
             The game lasted 00:36:55 (13837 turns).

Zeld the Purveyor of Pain (Octopode Necromancer)   Turns: 13837, Time: 00:36:55

Health: -1/54      AC:  1    Str:  7    XL:     8   Next: 69%
Magic:  14/14      EV: 15    Int: 19    God:    Kikubaaqudgha [......]
Gold:   340        SH:  0    Dex: 13    Spells: 7/16 levels left

rFire    + . .     SeeInvis .   d - +5 dagger (venom)
rCold    . . .     Faith    .   (no shield)
rNeg     . . .     Spirit   .   (helmet restricted)
rPois    .         Reflect  .   c - amulet of regeneration
rElec    .         Harm     .   a - ring of protection from fire
rCorr    .         Rampage  .   (no ring)
Will     .....                  (no ring)
Stlth    +++.......             (no ring)
HPRegen  0.58/turn              (no ring)
MPRegen  0.14/turn              (no ring)
                                (no ring)
                                (no ring)

@: no status effects
A: almost no armour, stealthy swim, amphibious, 8 rings, constrict 8, camouflage
1, gelatinous body 1
a: Renounce Religion


You were on level 5 of the Dungeon.
You worshipped Kikubaaqudgha.
Kikubaaqudgha was noncommittal.
You visited 2 branches of the dungeon, and saw 6 of its levels.
You also visited: Sewer.

You collected 340 gold pieces.

Inventory:

Hand Weapons
 d - a +5 dagger of venom (weapon)
Jewellery
 a - a ring of protection from fire (left tentacle)
 c - an amulet of regeneration (around mantle)
Wands
 l - a wand of digging (6)
Scrolls
 b - 5 scrolls of remove curse
 f - 3 scrolls of fog {unknown}
 h - a scroll of magic mapping
 n - a scroll of enchant armour {unknown}
 q - a scroll of teleportation {unknown}
Potions
 e - 3 potions of curing {unknown}
 g - a potion of cancellation {unknown}
 i - 2 potions of flight {unknown}
 j - 2 potions of berserk rage {unknown}
 k - a potion of haste {unknown}
 m - 3 potions of might {unknown}
 o - a potion of ambrosia {unknown}
 p - 2 potions of attraction {unknown}
 r - a potion of invisibility {unknown}


   Skills:
 + Level 4.3 Fighting
 + Level 5.0 Dodging
 - Level 2.6 Stealth
 + Level 4.6 Spellcasting
 * Level 7.7 Necromancy


You had 7 spell levels left.
You knew the following spells:

 Your Spells              Type           Power        Failure   Level
a - Pain                  Necr           100%         1%          1
b - Animate Skeleton      Necr           66%          1%          1
c - Vampiric Draining     Necr           16%          1%          3
d - Animate Dead          Necr           16%          5%          4

Your spell library contained the following spells:

 Spells                   Type           Power        Failure   Level
 Sublimation of Blood     Necr           16%          1%          2
 Corpse Rot               Necr/Air       N/A          4%          2
 Agony                    Necr           33%          14%         5
 Confusing Touch          Hex            4%           36%         3
 Gell's Gravitas          Tloc           2%           36%         3
 Petrify                  Tmut/Erth      4%           78%         4
 Metabolic Englaciation   Hex/Ice        2%           98%         5
 Yara's Violent Unravell  Hex/Tmut       2%           98%         5


Dungeon Overview and Level Annotations

Branches:
Dungeon (5/15)             Temple (1/1) D:5           Sewer (visited)

Altars:
Ashenzari
Cheibriados
Dithmenos
Elyvilon
Fedhas
Gozag
Hepliaklqana
Kikubaaqudgha
Makhleb
Nemelex Xobeh
Qazlal
Ru
Sif Muna
Trog
Uskayaw
Xom
The Shining One

Annotations:
D:5 1 runed translucent door, Crazy Yiuf


Innate Abilities, Weirdness & Mutations

You cannot wear most types of armour.
You are very stealthy in the water. (Stealth+)
You are amphibious.
You can wear up to eight rings at the same time.
You can use your tentacles to constrict eight enemies at once.
Your skin changes colour to match your surroundings (Stealth+).
Your rubbery body absorbs attacks. (AC +1, EV +1)


Message History

You can't see that place. [the floor.]
A yak is nearby!
Unknown command.
The yak bellows!
The yak bellows!
The yak closely misses you.
You barely miss the yak. The yak closely misses you.
You hit the yak but do no damage.
The yak is poisoned.
The yak gores you!
You barely miss the yak. The yak barely misses you. The yak gores you!
You hit the yak.
The yak is poisoned.
You squeeze the yak, but do no damage.
The yak is lightly wounded.
The yak misses you. The yak closely misses you.
You hit the yak.
The yak looks even sicker.
The yak is moderately wounded.
The yak barely misses you. The yak gores you!
* * * LOW HITPOINT WARNING * * *
The yak gores you!
You die...
Kikubaaqudgha rasps: "You have failed me!
Welcome... death!"

######..............###
##.>.............'_#
##................###
##......#############
###..###..#....# ...#
#...## #.##...#####..?###
#.### ##.#..............#
#.# #..#).............#
#######.@..#..$.≈≈≈......
#.##.YY.##..≈≈≈≈≈.....
#####......[##..≈≈.≈≈..#..
#...............≈≈≈≈≈.....
######...........≈≈≈......
#.....#............#..
##.#..................#
##.###...##..######>.###
#.## #.####..# #..#


You could see 2 yaks.

Vanquished Creatures
  4 yaks
  An orc warrior (D:3)
  2 bullfrogs (Sewer)
  A scorpion (D:4)
  A howler monkey (D:5)
  An orc priest (D:3)
  2 worker ants (D:4)
  An iguana (D:4)
  An orc wizard (D:4)
  Terence (D:2)
  A centaur simulacrum (D:3)
  A hound skeleton (D:4)
  8 adders
  A river rat (D:4)
  8 oozes (Sewer)
  A worm (D:5)
  An adder simulacrum (D:3)
  9 leopard geckos
  10 orcs
  6 bats
  9 giant cockroaches (Sewer)
  6 hobgoblins
  4 jackals
  5 kobolds
  A quokka (D:2)
  15 ball pythons
  A ball python simulacrum (D:3)
  12 frilled lizards
  A giant cockroach simulacrum (D:3)
  9 goblins
  A quokka skeleton (D:5)
  6 rats
131 creatures vanquished.

Vanquished Creatures (collateral kills)
  The ghost of Zeld the Cudgeller, an amateur OpWr (D:2)
  An orc priest (D:3)
  A leopard gecko (Sewer)
  4 giant cockroaches (Sewer)
  2 ball pythons (Sewer)
  A frilled lizard (D:1)
10 creatures vanquished.

Vanquished Creatures (others)
  27 plants (D:1)
27 creatures vanquished.

Grand Total: 168 creatures vanquished

Notes
Turn   | Place    | Note
-------+----------+-------------------------------------------
     0 | D:1      | Zeld the Octopode Necromancer began the quest for the Orb.
     0 | D:1      | Reached XP level 1. HP: 11/11 MP: 3/3
     2 | D:1      | Learned a level 1 spell: Animate Skeleton
   376 | D:1      | Reached XP level 2. HP: 15/18 MP: 0/5
  1463 | D:2      | Reached XP level 3. HP: 22/22 MP: 6/6
  1726 | D:2      | Noticed Terence
  1732 | D:2      | Killed Terence
  1733 | D:2      | Reached skill level 1 in Fighting
  1741 | D:2      | Learned a level 3 spell: Vampiric Draining
  2445 | D:2      | Reached XP level 4. HP: 18/28 MP: 2/7
  3282 | D:3      | Found a runed translucent gate.
  3282 | D:3      | Found a runed translucent gate.
  3282 | D:3      | Found a runed translucent gate.
  3782 | D:3      | Reached XP level 5. HP: 30/34 MP: 0/8
  3787 | D:3      | Learned a level 4 spell: Animate Dead
  4432 | D:3      | Reached skill level 5 in Necromancy
  5147 | D:3      | Noticed an orc warrior
  5331 | D:4      | Found a shimmering altar of Xom.
  5572 | D:4      | Noticed a phantom
  6323 | D:4      | Reached XP level 6. HP: 30/39 MP: 4/10
  7015 | D:5      | Entered Level 5 of the Dungeon
  7015 | D:5      | Found a staircase to the Ecumenical Temple.
  7023 | Temple   | Entered the Ecumenical Temple
  7144 | Temple   | Became a worshipper of Kikubaaqudgha
  7203 | D:5      | Noticed a yak
  7203 | D:5      | Noticed a yak
  7204 | D:5      | Noticed a yak
  7204 | D:5      | Noticed a yak
  7309 | D:5      | Found a runed translucent door.
  7310 | D:5      | Noticed Crazy Yiuf
  7386 | D:5      | Found a shimmering blue altar of Sif Muna.
  7392 | D:5      | HP: 1/41 [yak (3)]
  7410 | D:5      | Found a glowing drain.
  7438 | Sewer    | Entered a sewer
  8509 | Sewer    | Reached * piety under Kikubaaqudgha
  8509 | Sewer    | Identified Kikubaaqudgha's Catalogue of Stolen Souls
                  | (Kikubaaqudgha gifted it to you in a sewer)
  8509 | Sewer    | Received a gift from Kikubaaqudgha
  8526 | Sewer    | Learned a level 2 spell: Sublimation of Blood
  9119 | Sewer    | Reached skill level 6 in Necromancy
  9121 | Sewer    | Reached XP level 7. HP: 26/45 MP: 0/12
 10702 | D:5      | Noticed a yak
 10703 | D:5      | Noticed a yak
 10718 | D:5      | HP: 2/46 [yak (17)]
 12105 | D:4      | Killed a yak
 12106 | D:4      | Reached XP level 8. HP: 41/53 MP: 12/14
 12254 | D:3      | Noticed Zeld's ghost (amateur OpWr)
 12333 | D:2      | Killed Zeld's ghost
 12334 | D:2      | Reached skill level 7 in Necromancy
 12509 | D:3      | Found a shimmering altar of Xom.
 12907 | D:5      | Killed a yak
 13058 | D:5      | Killed a yak
 13076 | D:5      | Killed a yak
 13077 | D:5      | Reached skill level 5 in Dodging
 13837 | D:5      | Slain by a yak

Illustrated notes

Levels and vault maps discovered:
D:1:      dpeg_cavernosity, layout_basic, serial_bayou, serial_bayou_ford_a,
          serial_bayou_pond_a, serial_bayou_lagoon_a, serial_bayou_crossing,
          serial_bayou_pond_d, serial_bayou_pond_d, serial_bayou_pond_c
D:2:      layout_loops_ring, minmay_crystal_water, uniq_terence
D:3:      layout_loops_ring, lemuel_doored_altar, gammafunk_ghost_icy
D:4:      layout_loops_corners, minmay_misc_feat_alley,
          brannock_xom_greatest_gift
D:5:      layout_layer_cave, minmay_temple_entry_glass, portal_sewer_entry_a,
          lemuel_blue_sif_altar, uniq_crazy_yiuf_cottage
Temple:   kb_temple_of_zot

Skill      XL: |  1  2  3  4  5  6  7  8 |
---------------+-------------------------+-----
Fighting       | 1 2 3 4 |  4.3
Necromancy     | 5 6 7 |  7.7
Dodging        | 3 4 5 |  5.0
Spellcasting   | 3 4 |  4.6
Stealth        | |  2.6

Action                   |  1- 3 |  4- 6 |  7- 9 || total
-------------------------+-------+-------+-------++-------
Melee: Unarmed           |    46 |    49 |    31 ||   126
       Constrict         |    30 |     8 |     7 ||    45
       Tentacles         |    11 |     8 |    11 ||    30
       Dagger            |       |       |    53 ||    53
 Cast: Pain              |    48 |   132 |    50 ||   230
       Animate Skeleton  |    13 |    25 |    13 ||    51
       Vampiric Draining |       |     1 |       ||     1
       Sublimation of Bl |       |     2 |       ||     2
       Animate Dead      |       |       |     1 ||     1
Invok: Receive Corpses   |       |     2 |     4 ||     6
  Use: Scroll            |     4 |     4 |     7 ||    15
       Potion            |       |     3 |       ||     3
 Stab: Sleeping          |     2 |     1 |     1 ||     4
       Distracted        |       |       |     1 ||     1
Armor: Skin              |     6 |    11 |     9 ||    26
Dodge: Dodged            |    28 |    95 |    86 ||   209
